Map: 回聲 - 天梯版(虛空之遺)

Players

PSiArc

  • Race: Terran Terran
  • League: Master
  • Spawn Location: 11:00

Jim - Winner!

  • Race: Protoss Protoss
  • Spawn Location: 5:00

Event: WESG 2016 Finals

VOD

Have the link to the VOD?

Description

Time

  • Played on: Jan. 12, 2017, 10:19 p.m.
  • Length: 14:30

All games in this series

Show
View Real Time Build Order
Export as new Build Order

PSiArc Terran 

Build Orders: Liberator Opening, Reaper Expand, MMM Bio 

Get SALT Encoding   

  12  0:00  SCV  
  13  0:12  SCV  
  14  0:17  Supply Depot  
  14  0:25  SCV  
  15  0:29  Refinery  
  15  0:38  SCV  
  16  0:45  Barracks  
  16  0:50  SCV  
  17  1:03  SCV  
  18  1:15  SCV  
  19  1:31  Reaper  
  19  1:32  Orbital Command  
  20  1:43  Command Center  
  20  1:55  Factory  
  20  1:58  SCV  
  21  2:06  Barracks Reactor, Refinery  
  21  2:10  SCV  
  21  2:15  Supply Depot  
  22  2:22  SCV  
  23  2:36  SCV  
  24  2:42  Starport  
  24  2:43  Widow Mine, Marine x2  
  28  2:49  SCV  
  29  2:56  Orbital Command  
  29  3:02  SCV  
  30  3:06  Marine x2  
  32  3:13  Cyclone  
  32  3:14  SCV  
  32  3:18  Supply Depot  
  36  3:21  Medivac  
  36  3:24  SCV  
  36  3:27  Marine  
  39  3:29  SCV  
  39  3:31  Marine  
  42  3:36  SCV  
  42  3:38  Liberator  
  43  3:42  SCV  
  43  3:44  Supply Depot  
  43  3:46  Marine  
  45  3:50  Barracks  
  45  3:52  SCV  
  46  3:57  SCV  
  46  4:00  Marine  
  46  4:01  Factory Tech Lab  
  51  4:06  Marine  
  51  4:08  Supply Depot  
  52  4:12  SCV x2  
  54  4:23  Engineering Bay  
  54  4:24  SCV  
  55  4:26  Barracks, SCV  
  55  4:41  Marine x2  
  55  4:42  Barracks Tech Lab  
  55  4:43  Siege Tank, SCV  
  61  4:52  SCV  
  58  4:55  SCV  
  55  5:00  Terran Infantry Weapons Level 1, Refinery  
  55  5:02  Stimpack  
  55  5:04  Refinery, SCV  
  55  5:08  Marine, SCV  
  55  5:09  Marine x2  
  55  5:10  Starport Reactor  
  59  5:16  SCV  
  59  5:20  SCV, Missile Turret  
  61  5:28  Marine x2  
  62  5:29  Marauder, Barracks Tech Lab  
  62  5:30  SCV  
  66  5:37  Siege Tank  
  66  5:42  Supply Depot  
  69  5:45  Supply Depot  
  69  5:49  Combat Shields, Marine  
  70  5:55  Supply Depot  
  70  5:56  Marine  
  69  6:01  SCV  
  69  6:02  Marauder, SCV  
  69  6:03  Missile Turret  
  70  6:07  Marauder  
  72  6:16  Marine x2, SCV  
  72  6:18  SCV  
  76  6:20  Supply Depot  
  76  6:23  Marauder  
  76  6:25  Factory Reactor  
  78  6:27  Medivac x2  
  84  6:33  Marauder, Marine  
  84  6:34  Marine  
  84  6:38  Supply Depot  
  86  6:45  Marauder  
  86  6:47  Supply Depot  
  88  6:51  Marine x2  
  88  6:52  Liberator x2  
  92  6:54  Marauder  
  92  7:06  Marauder  
  94  7:09  Marine x2  
  94  7:10  Command Center  
  94  7:11  Widow Mine x2  
  94  7:13  SCV x2  
  94  7:15  Terran Infantry Armor Level 1, Marauder  
  110  7:17  Supply Depot  
  110  7:27  Marauder  
  112  7:31  Marine x2  
  116  7:37  Marauder  
  116  7:43  Widow Mine x2  
  120  7:48  SCV x2  
  120  7:49  Marauder, Marine x2  
  120  7:50  Supply Depot  
  120  7:51  Supply Depot  
  126  7:54  Liberator  
  126  8:11  Marine  
  126  8:12  Supply Depot, Marauder x2  
  134  8:14  Supply Depot  
  134  8:17  Barracks  
  128  8:20  SCV  
  128  8:21  Marine  
  129  8:31  Marine  
  129  8:33  Marauder x2  
  130  8:37  Orbital Command  
  130  8:39  Marine  
  103  8:49  Marine  
  103  8:54  Marine  
  103  8:55  Marauder  
  100  8:58  Marine  
  89  9:07  Marine  
  89  9:08  Missile Turret  
  80  9:12  Marine  
  80  9:16  Marauder, Marine  
  81  9:25  Marine  
  81  9:30  Marine  
  81  9:34  Marine  
  81  9:37  Marauder  
  73  9:43  Marine  
  70  9:47  Marine  
  70  9:52  Marine  
  72  9:58  Marine  
  70  10:09  Missile Turret  
  70  10:14  Missile Turret  
  70  10:16  SCV  
  71  10:25  Marine x2  
  71  10:26  Barracks Reactor, Barracks Tech Lab  
  71  10:27  SCV  
  71  10:28  Medivac x2, SCV  
  74  10:30  Factory  
  76  10:40  SCV  
  76  10:42  SCV x2  
  75  10:50  Orbital Command  
  75  10:57  Marine x2  
  75  10:58  Marauder  
  75  11:03  Marine x2  
  81  11:09  SCV  
  81  11:10  Liberator x2  
  81  11:11  Concussive Shells  
  82  11:12  Barracks, SCV  
  82  11:13  Barracks  
  82  11:16  SCV  
  84  11:19  Marauder  
  84  11:21  SCV  
  84  11:25  SCV  
  88  11:31  SCV  
  95  11:37  Marine x2  
  97  11:42  Factory Reactor  
  97  11:44  SCV  
  98  11:48  Missile Turret  
  98  11:51  Marine  
  98  11:52  Marauder  
  98  11:53  Liberator  
  100  11:57  Marine x2  
  100  11:58  Marine, Liberator  
  100  12:01  Barracks Tech Lab  
  103  12:03  Barracks Tech Lab  
  103  12:09  Marine  
  103  12:12  Marine  
  108  12:22  Starport  
  106  12:42  Supply Depot  
  106  12:44  Fusion Core, Marauder, Marine x4  
  107  12:45  Marauder  
  114  12:53  Marine  
  114  12:54  Liberator  
  115  13:01  Marine  
  116  13:06  Marauder  
  116  13:10  Marine x3  
  116  13:11  Marauder, Starport Tech Lab  
  126  13:19  Marine x2  
  128  13:27  Marauder  
  128  13:28  Marine x2  
  128  13:32  Marauder  
  131  13:36  Marine  
  131  13:37  Marine  
  102  13:43  Marine  
  102  13:46  Marine x2  
  99  13:49  Marauder  
  99  13:54  Marauder  
  104  14:09  Marine x2  
Show
View Real Time Build Order
Export as new Build Order

Jim Protoss - Winner!

Build Orders: Blink Stalkers 

Get SALT Encoding   

  12  0:01  Probe (Chrono Boost)  
  13  0:11  Probe (Chrono Boost)  
  14  0:17  Pylon  
  14  0:22  Probe (Chrono Boost)  
  15  0:35  Probe (Chrono Boost)  
  16  0:36  Gateway  
  16  0:46  Probe (Chrono Boost)  
  17  0:53  Assimilator  
  17  0:55  Assimilator  
  17  0:56  Probe (Chrono Boost)  
  18  1:04  Pylon  
  18  1:07  Probe (Chrono Boost)  
  19  1:17  Probe (Chrono Boost)  
  20  1:23  Cybernetics Core  
  20  1:28  Probe (Chrono Boost)  
  21  1:38  Probe (Chrono Boost)  
  22  1:49  Probe (Chrono Boost)  
  23  2:00  Mothership Core (Chrono Boost)  
  23  2:01  Warp Gate, Nexus  
  25  2:09  Stalker  
  27  2:19  Probe (Chrono Boost)  
  27  2:22  Pylon  
  29  2:30  Probe (Chrono Boost)  
  29  2:36  Robotics Facility  
  29  2:40  Probe (Chrono Boost)  
  30  2:45  Stalker  
  30  2:51  Probe (Chrono Boost)  
  33  3:00  Twilight Council  
  33  3:02  Probe (Chrono Boost)  
  35  3:13  Probe x2 (Chrono Boost)  
  36  3:21  Observer  
  36  3:23  Probe (Chrono Boost)  
  36  3:25  Probe (Chrono Boost)  
  39  3:27  Blink  
  40  3:34  Probe (Chrono Boost)  
  40  3:36  Gateway  
  40  3:37  Probe (Chrono Boost)  
  40  3:39  Gateway  
  41  3:45  Probe (Chrono Boost)  
  43  3:49  Probe (Chrono Boost), Observer  
  43  3:53  Pylon  
  43  3:55  Probe (Chrono Boost)  
  45  4:00  Assimilator  
  45  4:01  Probe (Chrono Boost)  
  46  4:06  Probe (Chrono Boost)  
  47  4:10  Observer  
  47  4:11  Assimilator  
  47  4:13  Probe (Chrono Boost)  
  47  4:14  Stalker  
  47  4:16  Probe (Chrono Boost)  
  53  4:25  Probe (Chrono Boost)  
  53  4:27  Probe (Chrono Boost)  
  54  4:37  Probe (Chrono Boost)  
  54  4:39  Stalker  
  54  4:41  Stalker  
  54  4:42  Stalker  
  54  4:55  Probe (Chrono Boost)  
  55  5:00  Warp Prism  
  57  5:07  Stalker  
  57  5:09  Pylon  
  57  5:14  Stalker  
  60  5:16  Nexus  
  60  5:18  Stalker  
  62  5:22  Pylon  
  62  5:27  Probe (Chrono Boost)  
  64  5:29  Probe (Chrono Boost)  
  60  5:41  Probe (Chrono Boost)  
  60  5:42  Probe (Chrono Boost)  
  57  5:44  Stalker  
  57  5:47  Stalker  
  61  5:52  Probe (Chrono Boost)  
  61  5:54  Probe (Chrono Boost)  
  62  6:02  Probe (Chrono Boost)  
  61  6:06  Probe (Chrono Boost)  
  61  6:07  Observer  
  61  6:08  Dark Shrine  
  63  6:13  Probe (Chrono Boost)  
  63  6:15  Resonating Glaives  
  65  6:18  Probe (Chrono Boost)  
  65  6:24  Probe (Chrono Boost), Forge  
  66  6:28  Forge  
  66  6:32  Probe x2 (Chrono Boost)  
  68  6:35  Probe (Chrono Boost)  
  68  6:39  Immortal  
  69  6:46  Sentry x2  
  77  6:48  Sentry  
  77  6:51  Probe (Chrono Boost)  
  77  6:52  Protoss Ground Armor Level 1, Protoss Ground Weapons Level 1  
  80  6:54  Probe (Chrono Boost)  
  80  6:55  Probe (Chrono Boost)  
  80  7:04  Probe (Chrono Boost)  
  80  7:07  Probe (Chrono Boost)  
  81  7:14  Stalker x2  
  81  7:15  Stalker  
  87  7:23  Immortal  
  90  7:32  Pylon  
  90  7:35  Pylon  
  89  7:37  Pylon  
  85  7:50  Pylon  
  85  7:58  Dark Templar x3  
  91  8:09  Immortal  
  91  8:11  Gateway  
  95  8:15  Gateway  
  95  8:19  Pylon  
  95  8:31  Dark Templar  
  95  8:32  Dark Templar x2  
  101  8:36  Pylon  
  101  8:38  Pylon  
  87  8:54  Immortal  
  75  9:04  Dark Templar x2  
  75  9:07  Stalker  
  73  9:11  Stalker x2  
  73  9:15  Dark Templar  
  73  9:17  Stalker  
  67  9:32  Stalker  
  67  9:38  Immortal  
  71  9:40  Stalker x2  
  66  9:47  Stalker x2  
  64  10:13  Stalker  
  64  10:14  Stalker x3  
  70  10:22  Dark Templar, Nexus  
  74  10:29  Probe x2 (Chrono Boost)  
  74  10:33  Protoss Ground Armor Level 2  
  74  10:41  Probe x2 (Chrono Boost)  
  72  10:43  Sentry, Pylon  
  72  10:44  Sentry x2  
  72  10:46  Protoss Ground Weapons Level 2  
  78  11:05  Adept  
  78  11:06  Adept  
  78  11:10  Adept  
  84  11:14  Adept  
  86  11:18  Adept  
  86  11:24  Probe (Chrono Boost)  
  86  11:25  Probe (Chrono Boost)  
  90  11:27  Adept  
  90  11:31  Adept  
  94  11:38  Adept  
  96  11:40  Adept  
  96  11:43  Sentry, Warp Prism  
  100  11:53  Probe (Chrono Boost)  
  105  11:55  Probe x2 (Chrono Boost)  
  105  12:02  Adept x2  
  105  12:03  Adept  
  105  12:06  Adept  
  113  12:09  Adept  
  113  12:12  Probe (Chrono Boost)  
  113  12:14  Probe (Chrono Boost)  
  113  12:15  Probe (Chrono Boost)  
  118  12:20  Gateway  
  118  12:22  Gateway  
  116  12:34  Stalker x3  
  120  12:38  Stalker  
  120  12:42  Adept  
  124  12:49  Assimilator  
  124  12:50  Pylon  
  124  12:51  Observer  
  124  13:05  Adept x4  
  128  13:08  Pylon, Stalker  
  134  13:22  Adept  
  134  13:23  Adept x2  
  139  13:27  Stalker x2  
  137  13:38  Stalker x2  
  107  13:47  Stalker x2  
  107  13:48  Stalker  
  113  13:50  Sentry  
  113  13:51  Sentry  
  113  13:55  Gateway  
  117  14:07  Stalker x2  
  117  14:09  Stalker  
  117  14:18  Adept  
  117  14:19  Adept x2  
  117  14:24  Stalker  
Tags
 
Add a new tag
Caveats
  • Supply blocks, unpowered buildings, or Contaminate may cause inaccurate times.
  • Supply counts are checked every 10 seconds.